 Dungeon Crawl Stone Soup version 0.31-a0-1178-gc5c9b8f871 (webtiles) character file.

Game seed: 5080069906678127651

592 LeprechaunX the Changeling (level 7, -3/46 HPs)
             Began as an Octopode Shapeshifter on Dec 11, 2023.
             Slain by a gnoll
             ... wielding a +0 club
              (7 damage)
             ... on level 4 of the Dungeon.
             The game lasted 00:04:03 (2546 turns).

LeprechaunX the Changeling (Octopode Shapeshifter)  Turns: 2546, Time: 00:04:03

Health: -3/46      AC:  8    Str: 16    XL:     7   Next: 39%
Magic:  0/7        EV: 13    Int: 12    God:
Gold:   201        SH:  0    Dex: 17    Spells: 6/6 levels left

rFire   . . .        e - +2 dagger (protect)
rCold   + . .        (no shield)
rNeg    + . .        (helmet currently unavailable)
rPois   .            v - amulet of guardian spirit
rElec   +            h - ring of protection from cold
rCorr   .            k - +6 ring of dexterity
SInv    +            m - ring of Ucuriu {rElec rN+}
Will    .....        u - ring of see invisible
Stlth   +++          (no ring)
HPRegen 0.27/turn    (no ring)
MPRegen 0.10/turn    (no ring)
                     (no ring)

%: guardian spirit
@: beast-form, under a protective aura
A: beast (slay +3), almost no armour, amphibious, 8 rings, camouflage 1,
gelatinous body 1, (nimble swimmer 1), tentacles
a: Begin Untransformation


You were on level 4 of the Dungeon.
You were a hulking beast.
You visited 1 branch of the dungeon, and saw 4 of its levels.

You collected 201 gold pieces.

Inventory:

Hand Weapons
 e - a +2 dagger of protection (weapon)
Missiles
 r - 2 boomerangs (quivered)
Jewellery
 h - a ring of protection from cold (left tentacle)
 k - a +6 ring of dexterity (right tentacle)
 m - the ring of Ucuriu (on tentacle) {rElec rN+}
   (You found it on level 2 of the Dungeon)

   [ring of positive energy]

   rElec:     It insulates you from electricity.
   rN+:       It protects you from negative energy.
 u - a ring of see invisible (on tentacle)
 v - an amulet of guardian spirit (around mantle)
Talismans
 b - a beast talisman
 c - a flux talisman
Wands
 q - a wand of light (10)
Scrolls
 f - 2 scrolls of teleportation
 g - a scroll of enchant weapon
 j - a scroll of poison {unknown}
 o - a scroll of butterflies {unknown}
 p - 2 scrolls of immolation
 s - a scroll of vulnerability {unknown}
Potions
 a - a potion of lignification
 d - a potion of enlightenment {unknown}
 i - a potion of cancellation {unknown}
 l - a potion of mutation {unknown}
 n - 3 potions of heal wounds
 t - a potion of degeneration {unknown}
 w - a potion of curing {unknown}


   Skills:
 + Level 3.3 Fighting
 + Level 2.1 Throwing
 - Level 2.0 Dodging
 + Level 4.4 Unarmed Combat
 + Level 0.4 Spellcasting
 + Level 2.4 Evocations
 * Level 5.3 Shapeshifting


You had 6 spell levels left.
You didn't know any spells.
Your spell library contained the following spells:

 Spells                   Type           Power      Damage    Failure   Level
 Summon Forest            Summ/Tloc      0%         N/A       100%        5
 Eringya's Noxious Bog    Tmut/Pois      0%         4d6       100%        6
 Summon Hydra             Summ           0%         N/A       100%        7


Dungeon Overview and Level Annotations

Branches:
Dungeon (4/15)             Temple (0/1) D:4

Altars:
Makhleb

Shops:
D:1 =


Innate Abilities, Weirdness & Mutations

You are a hulking beast.
Your limbs bulge with bestial killing power. (Slay +3)
You cannot wear most types of armour.
You are amphibious.
You can wear up to eight rings at the same time.
Your skin changes colour to match your surroundings (Stealth+).
Your rubbery body absorbs attacks. (AC +1, EV +1)
((You are camouflaged when in or above water. (Stealth+)))
You have tentacles for arms and can constrict up to eight enemies at once.


Message History

You hit the gnoll. You grab the gnoll.
The gnoll is moderately wounded.
You constrict the gnoll.
The gnoll struggles to escape constriction.
The gnoll hits you from afar with a +0 halberd.
Unknown command.
You puncture the gnoll! You tentacle-slap the gnoll.
You kill the gnoll!
The gnoll hits you from afar with a +0 halberd!
Unknown command.
A gnoll comes into view. It is wielding a +0 club.
The gnoll misses you.
Things that are here:
a +0 spear; a +0 pair of gloves; a gnoll corpse You barely miss the gnoll.
You grab the gnoll. You constrict the gnoll.
The gnoll hits you with a +0 halberd!
You hit the gnoll. You squeeze the gnoll!
You kill the gnoll!
The gnoll hits you with a +0 club.
The ogre hits you with a +0 giant spiked club!
Unknown command.
You puncture the ogre!
The ogre is moderately wounded.
The gnoll barely misses you. The ogre closely misses you.
Unknown command.
You puncture the ogre!
The ogre is heavily wounded.
The gnoll completely misses you.
Unknown command.
You hit the ogre.
The ogre is severely wounded.
The gnoll hits you with a +0 club.
* * * LOW HITPOINT WARNING * * *
The ogre hits you with a +0 giant spiked club!
* * * LOW HITPOINT WARNING * * *
Unknown command.
You hit the ogre.
You kill the ogre!
The gnoll hits you with a +0 club!
You die...

###. ..# ### ###.#
#.. #.## #.#
..####.# #.# ###
........ ##.##...##
.#####.. #))g......
........ #.h#
.#####.# ##).# .#
#<# #...# #.#####.#
#..## #........ #..#
##.#####.#
#.#########..#####..
#.#.................
#.#..........###.#..
#.#...#####)###.....


You could see a gnoll.

Vanquished Creatures
  A black bear (D:4)
  3 ogres
  3 orc priests (D:3)
  2 orc wizards (D:3)
  An iguana (D:4)
  3 gnolls (D:4)
  7 adders
  2 dart slugs
  9 orcs
  5 bats
  5 endoplasms
  3 giant cockroaches
  7 goblins
  4 hobgoblins
  2 quokkas
  6 ball pythons
  4 frilled lizards
  6 kobolds
  6 rats
79 creatures vanquished.

Notes
Turn   | Place    | Note
-------+----------+-------------------------------------------
     0 | D:1      | LeprechaunX the Octopode Shapeshifter began the quest for
                  | the Orb.
     0 | D:1      | Reached XP level 1. HP: 13/13 MP: 1/1
    44 | D:1      | Found Vagaon's Jewellery Boutique.
   122 | D:1      | Reached XP level 2. HP: 18/18 MP: 2/2
   570 | D:1      | Reached XP level 3. HP: 23/23 MP: 3/3
   647 | D:2      | Identified the ring of Ucuriu {rElec rN+}
   942 | D:2      | Reached XP level 4. HP: 29/29 MP: 4/4
   988 | D:2      | Reached skill level 4 in Shapeshifting
  1310 | D:3      | Found a burning altar of Makhleb.
  1423 | D:3      | Reached XP level 5. HP: 31/35 MP: 5/5
  1502 | D:3      | Reached skill level 1 in Evocations
  1511 | D:3      | Reached skill level 1 in Throwing
  1511 | D:3      | Reached XP level 6. HP: 10/41 MP: 6/6
  1788 | D:3      | HP: 1/41 [ogre/+0 giant club (18)]
  2158 | D:4      | Noticed a black bear
  2169 | D:4      | Killed a black bear
  2170 | D:4      | Reached skill level 5 in Shapeshifting
  2170 | D:4      | Reached XP level 7. HP: 38/46 MP: 7/7
  2465 | D:4      | Found a staircase to the Ecumenical Temple.
  2546 | D:4      | Slain by a gnoll

Illustrated notes

Levels and vault maps discovered:
D:1:      minmay_arrival_hallway, layout_loops_ring, serial_shops,
          nicolae_shop_waterfront
D:2:      layout_basic
D:3:      layout_rooms, overflow_temple_1_default, serial_aquarium,
          aquarium_bridge_square [aquarium_subvault_wall,
          aquarium_subvault_bridge, aquarium_subvault_window,
          aquarium_subvault_wall], aquarium_bridge_square
          [aquarium_subvault_balcony, aquarium_subvault_bridge,
          aquarium_subvault_window, aquarium_subvault_bridge],
          aquarium_window_fake, aquarium_window_fake, aquarium_window_fake,
          aquarium_view_2d, aquarium_view_2e, aquarium_balcony_3b
D:4:      layout_loops_ring, kennysheep_orc_sif_temple,
          minmay_temple_entry_waves, kennysheep_generic_room_9

Skill      XL: |  1  2  3  4  5  6  7 |
---------------+----------------------+-----
Fighting       | 2 3 |  3.3
Shapeshifting  | 4 5 |  5.3
Evocations     | 1 2 |  2.4
Throwing       | 1 2 |  2.1
Unarmed Combat | 4 |  4.4
Dodging        | |  2.0
Spellcasting   | |  0.4

Action                     |  1- 3 |  4- 6 |  7- 9 || total
---------------------------+-------+-------+-------++-------
  Melee: Dagger            |    53 |    63 |    28 ||   144
         Constrict         |    13 |    17 |     7 ||    37
         Tentacles         |     5 |    16 |     4 ||    25
         Punch             |       |       |     1 ||     1
  Throw: Boomerang         |       |    11 |     2 ||    13
    Use: Scroll            |       |     4 |       ||     4
   Stab: Sleeping          |    12 |     6 |     1 ||    19
         Distracted        |       |     2 |       ||     2
 Armour: Skin              |    19 |    38 |    14 ||    71
  Dodge: Dodged            |    27 |    32 |    16 ||    75

Table legend: (Time is in decaauts)
 A = Elapsed time spent in this place.
 B = Non-inter-level travel time spent in this place.
 C = Inter-level travel time spent in this place.
 D = Time resting spent in this place.
 E = Time spent auto-exploring this place.
 F = Levels seen in this place.
 G = Mean time per level.
                   A        B        C        D        E       F      G
               +--------+--------+--------+--------+--------+-----+--------+
         Total |   2546 |   2469 |     77 |    183 |   1831 |   4 |  636.5 |
       Dungeon |   2546 |   2469 |     77 |    183 |   1831 |   4 |  636.5 |
               +--------+--------+--------+--------+--------+-----+--------+

Top non-repeatable levels by time:
     D:3: 930 daAuts
     D:1: 634 daAuts
     D:2: 573 daAuts
     D:4: 408 daAuts
